cohdb
Replays
Latest Replays
All Replays
Popular Replays
Top Player Replays
Match Explorer
How It Works
Community
CoH3 Stats
Reddit
Sign in to upload your games and track your stats! →
Sign in with Steam
Match 33526123
Unlisted
Match 33526123
Overview
Messages
Build Orders
End
250 Light Carrier
Panzergrenadier Squad
Panzergrenadier Squad
Construct Light Support Kompanie
Combat Half-tracks
Selects Armored Support Battlegroup
Panzergrenadier Squad
Fire Support Elements
Pak 38 Mechanized Group
Veteran Squad Leaders
Panzerpioneer Squad
Vehicle Survival Package
2.5-tonne Medical Truck
Selects Superior Fire Drills
Pak 38 Anti-tank Gun Team
Advanced Field Repairs
Construct Panzerarmee Kommand
Kradschützen Motorcycle Team
Selects Salvage Kits
Selects Panzer Storm
Emergency Repair Kits
Rapid Advance
Selects Stuka Dive Bomb
Stuka Dive Bomb
Advanced Optics
Construct Mechanized Kompanie
NoF^kingXiaoHaoZi
【嗜血狼族】灵狐魅儿
嗨呀是我高菌吗
likewind3
Q.man
Ares
Some_Devil
Goggobomb
0
0
Comments
sign in to comment!
No comments posted yet!